 Dungeon Crawl Stone Soup version 0.21.0-3-g78d12a8 (webtiles) character file.

1680 tidbits the Covert (level 9, 14/44 HPs)
             Began as a Vine Stalker Wizard on Jan 10, 2018.
             Was an Initiate of Cheibriados.
             Quit the game on level 10 of the Dungeon.
             The game lasted 00:28:41 (3458 turns).

tidbits the Covert (Vine Stalker Wizard)            Turns: 3458, Time: 00:28:41

Health: 14/44      AC:  6    Str: 11 (14) XL:     9   Next: 2%
Magic:  6/14       EV: 15    Int: 17 (19) God:    Cheibriados [......]
Gold:   201        SH:  0    Dex: 14 (16) Spells: 7/14 levels left

rFire    . . .     SeeInvis .   a - +1 short sword (flame)
rCold    . . .     Gourm    .   (no shield)
rNeg     . . .     Faith    .   B - +2 robe {MR+}
rPois    .         Spirit   +   E - +2 hat
rElec    .         Reflect  .   C - scarf {cloud immunity}
rCorr    .         Harm     .   (no gloves)
MR       ++...                  (no boots)
Stlth    +++++.....             l - amulet of magic regeneration
HPRegen  0.54/turn              V - +3 ring of evasion
MPRegen  0.39/turn              f - ring of stealth

@: very slow
A: fangs 3, agile 1, blurry vision 1, frail 1, regeneration 1, magic shield,
antimagic bite, no potion heal 3, rot immunity, subdued magic 1
a: Bend Time, Renounce Religion


You were on level 10 of the Dungeon.
You worshipped Cheibriados.
Cheibriados was noncommittal.
You were not hungry.

You visited 2 branches of the dungeon, and saw 12 of its levels.

You collected 300 gold pieces.
You spent 99 gold pieces at shops.

Inventory:

Hand Weapons
 a - a +1 short sword of flaming (weapon)
   (You took it off a big kobold on level 7 of the Dungeon)
 m - a +2 dagger of distortion
   (You took it off Dowan on level 6 of the Dungeon)
 n - a +0 club
 o - a +0 short sword
 r - a +0 quarterstaff of pain
   (You found it on level 4 of the Dungeon)
Missiles
 e - 6 tomahawks of dispersal (quivered) {!f}
 s - 3 curare-tipped needles
 v - 5 tomahawks
Armour
 g - a +0 robe
 h - a +0 ring mail
 i - a +0 leather armour
 q - a +0 buckler
 A - a +1 hat
 B - a +2 robe of magic resistance (worn)
   (You bought it in a shop on level 4 of the Dungeon)
 C - a scarf of cloud immunity (worn)
   (You found it on level 1 of the Dungeon)
 E - a +2 hat (worn)
 M - the +4 ring mail of Nihilism {rElec rPois, unknown}
   (You found it on level 11 of the Dungeon)

   It insulates you from electricity.
   It protects you from poison.
Jewellery
 b - a +3 amulet of reflection
   (You found it on level 2 of the Dungeon)
 f - a ring of stealth (right hand)
   (You found it on level 7 of the Dungeon)
 l - an amulet of magic regeneration (around neck)
   (You found it on level 2 of the Dungeon)
 V - a +3 ring of evasion (left hand)
   (You found it on level 1 of the Dungeon)
Wands
 u - a wand of polymorph (16)
 F - a wand of flame (37)
 I - a wand of disintegration (2)
 J - a wand of digging (12)
Scrolls
 t - a scroll of fear {unknown}
 y - a scroll of immolation {unknown}
 z - 3 scrolls of amnesia
 D - 2 scrolls of enchant weapon {unknown}
 H - a scroll of remove curse
 L - a scroll of identify
Potions
 j - 9 potions of curing
 k - 3 potions of resistance
 x - a potion of brilliance {unknown}
 G - a potion of flight
 K - a potion of ambrosia {unknown}
Books
 d - a book of Minor Magic

   Spells                             Type                      Level
   a - Magic Dart                     Conjuration                  1
   b - Blink                          Translocation                2
   c - Call Imp                       Summoning                    2
   d - Slow                           Hexes                        2
   e - Conjure Flame                  Conjuration/Fire             3
   f - Mephitic Cloud                 Conjuration/Poison/Air       3
Comestibles
 c - 10 rations


   Skills:
 - Level 6.5 Fighting
 + Level 1.5 Dodging
 - Level 9.7 Stealth
 - Level 3.2 Spellcasting
 - Level 1.0 Conjurations
 - Level 1.0 Summonings
 - Level 1.0 Translocations
 - Level 3.7 Evocations


You had 7 spell levels left.
You knew the following spells:

 Your Spells              Type           Power        Failure   Level  Hunger
a - Magic Dart            Conj           #...         9%          1    None
b - Blink                 Tloc           N/A          14%         2    ##.....
i - Call Imp              Summ           #.......     14%         2    ##.....
l - Slow                  Hex            #.......     22%         2    ##.....


Dungeon Overview and Level Annotations

Branches:
Dungeon (11/15)            Temple (1/1) D:4            Lair (0/6) D:8
    Orc: D:9-12

Altars:
Ashenzari
Cheibriados
Dithmenos
Elyvilon
Fedhas
Gozag
Hepliaklqana
Kikubaaqudgha
Makhleb
Nemelex Xobeh
Okawaru
Qazlal
Ru
Sif Muna
Trog
Uskayaw
Vehumet
Xom
Yredelemnul
Zin
The Shining One

Shops:
D:4 *   D:5 =

Annotations:
D:4 exclusion: gnoll
D:6 Edmund
D:11 Grum


Innate Abilities, Weirdness & Mutations

You have razor-sharp teeth.
Your natural rate of healing is unusually fast.
When hurt, damage is shared between your health and your magic reserves.
Your bite disrupts and absorbs the magic of your enemies.
Potions cannot restore your health.
You are immune to rotting.
You are agile. (Dex +2)
Scrolls take you a little longer to read.
You are frail. (-10% HP)
Your spells are a little easier to cast, but a little less powerful.


Message History

You have reached level 9!
Your experience leads to an increase in your attributes!
Your base attributes are Str 12, Int 18, Dex 13.
Increase (S)trength, (I)ntelligence, or (D)exterity?
You feel stronger.
You see here 19 gold pieces.
You now have 201 gold pieces (gained 19).
Found a robe.
Found 24 arrows.
Found a stone staircase leading down.
Something hits you.
Your white imp disappears in a puff of smoke!
Something hits you. Something barely misses you. Something hits you!
Something hits you.
You see here 24 arrows.
Something hits you. Something hits you but does no damage.
There is a stone staircase leading down here.
Something hits you.
You climb downwards. 2 wolves, a jelly, Grum and a skeleton come into view.
Found a spear.
There is a stone staircase leading up here.
Okay, then.
Okay, then.
Evoke which item? (* to show all) (? for menu, Esc to quit)
Aiming: Dig
Press: ? - help, Shift-Dir - straight line, f - you The rock shatters into small pieces.
A wolf comes into view.
The wolf howls! x2; You hear a bellow!
You hear a howl!
Found 11 gold pieces.
A wolf comes into view.
Evoke which item? (* to show all) (? for menu, Esc to quit)
Aiming: Dig
Press: ? - help, Shift-Dir - straight line, f - you The rock shatters into small pieces.
Found a distressingly furry ring mail.
Found 20 stones.
Found a large moonstone ring and 13 gold pieces.
You see here a distressingly furry ring mail.
M - a distressingly furry ring mail The wolf completely misses you.
An acid dragon comes into view.
The wolf bites you but does no damage. x2; The acid dragon moves out of view.
A yak comes into view.
The wolf completely misses you. The wolf bites you.
Okay, then.
The wolf completely misses you. The wolf completely misses you.
The wolf barely misses you. The wolf bites you. The wolf closely misses you.
You hit the wolf but do no damage. Your bite misses the wolf.
The wolf bites you. x2
The wolf bites you but does no damage. The wolf barely misses you.
The wolf barely misses you. The wolf bites you. The wolf misses you.
The wolf bites you. The wolf closely misses you.
A yak comes into view.
The wolf closely misses you.
An orc comes into view. It is wielding a short sword.
The wolf misses you.
A yak comes into view.
There is a stone staircase leading up here.
The wolf closely misses you. x2
You climb upwards.
There is a stone staircase leading down, spattered with blood here.
Unknown command.
Okay, then.
Unknown command.
Okay, then.
Unknown command.
Evoke which item? (* to show all) (? for menu, Esc to quit)
Aiming: Dig
Press: ? - help, Shift-Dir - straight line, f - you The rock shatters into small pieces.
The wolf misses you. Something hits you! The wolf barely misses you.
Something hits you! Something hits you!
* * * LOW HITPOINT WARNING * * *
It was a potion of degeneration.
There was something very wrong with that liquid.
You feel weakened.
You feel dopey.
You feel clumsy. Something hits you.
* * * LOW HITPOINT WARNING * * *
It was a potion of mutation.
You feel extremely strange.
You feel frail.
Your vision blurs.
Your connection to magic feels subdued.
You feel agile. Something hits you.
* * * LOW HITPOINT WARNING * * *
Something hits you.
* * * LOW HITPOINT WARNING * * *
Are you sure you want to abandon this character and quit the game? (Confirm with "yes".)

...# #.......#
.. ####
#.......# ##...
#.......###.....
##..............
##.....(....##
#........###
##...h####
#..##.##
#.####@# #..
##.# .... #.#
... #.# ... #.#
#.# ##


You could see a wolf.

Vanquished Creatures
  Prince Ribbit (D:6)
  Duvessa (D:6)
  The ghost of tidbits the Sneak, an amateur VSWz (D:6)
  A black bear (D:6)
  A necrophage (D:9)
  An ogre (D:4)
  A big kobold (D:7)
  A bullfrog (D:6)
  Dowan (D:6)
  A scorpion (D:10)
  A water moccasin skeleton (D:6)
  A jelly (D:7)
  A crimson imp (D:7)
  A centaur zombie (D:7)
  A hound (D:6)
  A bullfrog skeleton (D:6)
  A quasit (D:7)
  An orc priest (D:8)
  3 worker ants
  A killer bee zombie (D:6)
  A hound zombie (D:5)
  A hound skeleton (D:4)
  An adder (D:7)
  A howler monkey skeleton (D:4)
  A shadow imp (D:5)
  An adder zombie (D:5)
  An adder skeleton (D:6)
  A dart slug (D:3)
  A leopard gecko (D:4)
  14 orcs
  3 giant cockroaches
  8 goblins
  5 hobgoblins
  6 jackals
  5 kobolds
  A quokka (D:6)
  7 bats
  5 frilled lizards
  3 rats
88 creatures vanquished.

Vanquished Creatures (collateral kills)
  A troll (D:10)
  An orc warrior (D:7)
  An ogre (D:5)
  A bullfrog (D:5)
  A hound (D:8)
  2 worker ants
  An iguana (D:5)
  4 adders
  An orc (D:7)
  A quokka (D:4)
14 creatures vanquished.

Grand Total: 102 creatures vanquished

Notes
Turn   | Place    | Note
-------+----------+-------------------------------------------
     0 | D:1      | tidbits the Vine Stalker Wizard began the quest for the Orb.
     0 | D:1      | Reached XP level 1. HP: 9/9 MP: 5/5
   181 | D:1      | Reached XP level 2. HP: 14/14 MP: 2/7
   185 | D:1      | Learned a level 2 spell: Call Imp
   188 | D:1      | Learned a level 2 spell: Blink
   191 | D:1      | Learned a level 2 spell: Slow
   224 | D:1      | Reached skill level 3 in Stealth
   233 | D:1      | Reached skill level 1 in Fighting
   528 | D:2      | Reached XP level 3. HP: 7/18 MP: 0/8
  1088 | D:3      | Reached skill level 2 in Fighting
  1088 | D:3      | Reached skill level 4 in Stealth
  1300 | D:3      | Noticed an ice beast
  1443 | D:4      | Gained mutation: Your natural rate of healing is unusually fast. [Vine Stalker growth]
  1443 | D:4      | Reached XP level 4. HP: 23/23 MP: 3/9
  1566 | D:4      | Found Poklax Isou's Assorted Antiques.
  1574 | D:4      | Bought an embroidered robe for 99 gold pieces
  1696 | D:4      | Noticed an ogre
  1702 | D:4      | Found a staircase to the Ecumenical Temple.
  1708 | Temple   | Entered the Ecumenical Temple
  1793 | D:4      | Killed an ogre
  1793 | D:4      | Reached skill level 3 in Fighting
  1793 | D:4      | Reached skill level 5 in Stealth
  1793 | D:4      | Reached XP level 5. HP: 28/28 MP: 6/10
  1807 | D:4      | Found a shattered altar of Ashenzari.
  1810 | D:4      | Found a sacrificial altar of Ru.
  1875 | D:4      | Found a blossoming altar of Fedhas.
  1877 | D:4      | Found a burning altar of Makhleb.
  1896 | D:5      | Entered Level 5 of the Dungeon
  1937 | D:5      | Found Kiphil's Jewellery Shoppe.
  1988 | D:5      | Noticed an ogre
  1993 | D:5      | Killed an ogre
  2017 | D:6      | Noticed tidbits's ghost (amateur VSWz)
  2054 | D:5      | Reached XP level 6. HP: 32/32 MP: 6/11
  2152 | D:5      | Reached skill level 6 in Stealth
  2323 | D:7      | Noticed an orc warrior
  2391 | D:8      | Found an ancient bone altar of Kikubaaqudgha.
  2398 | D:8      | Noticed a hell hound
  2403 | D:8      | Found a staircase to the Lair.
  2404 | D:8      | Noticed a hell hound
  2502 | D:6      | Noticed a black bear
  2505 | D:6      | Noticed a necrophage
  2506 | D:6      | Noticed Edmund
  2519 | D:6      | Killed a black bear
  2519 | D:6      | Reached skill level 4 in Fighting
  2519 | D:6      | Reached skill level 1 in Evocations
  2520 | D:6      | Noticed Duvessa
  2543 | D:6      | Noticed Prince Ribbit
  2552 | D:6      | Killed Prince Ribbit
  2552 | D:6      | Reached skill level 7 in Stealth
  2552 | D:6      | Reached skill level 2 in Evocations
  2552 | D:6      | Reached XP level 7. HP: 26/38 MP: 8/12
  2671 | D:5      | Found a sparkling altar of Nemelex Xobeh.
  2723 | D:6      | Noticed Dowan
  2724 | D:6      | Found a white marble altar of Elyvilon.
  2739 | D:6      | Killed tidbits's ghost
  2742 | D:6      | Killed Dowan
  2761 | D:6      | Killed Duvessa
  2761 | D:6      | Reached skill level 5 in Fighting
  2761 | D:6      | Reached skill level 3 in Evocations
  2761 | D:6      | Gained mutation: You have razor-sharp teeth. [Vine Stalker growth]
  2761 | D:6      | Reached XP level 8. HP: 33/43 MP: 13/13
  2769 | D:6      | Reached skill level 8 in Stealth
  2921 | D:8      | Noticed a hornet
  3057 | D:7      | Reached skill level 9 in Stealth
  3172 | D:7      | Reached skill level 6 in Fighting
  3207 | D:7      | Found a glowing golden altar of the Shining One.
  3234 | D:7      | Found a sparkling altar of Nemelex Xobeh.
  3234 | D:7      | Found a snail-covered altar of Cheibriados.
  3239 | D:7      | Became a worshipper of Cheibriados the Contemplative
  3337 | D:10     | Entered Level 10 of the Dungeon
  3337 | D:10     | Noticed a troll
  3346 | D:10     | Killed a troll
  3389 | D:10     | Reached XP level 9. HP: 45/49 MP: 12/14
  3418 | D:11     | Noticed Grum
  3435 | D:11     | Got a distressingly furry ring mail
  3457 | D:10     | Gained mutation: You are frail. (-10% HP) [potion of mutation]
  3457 | D:10     | Gained mutation: Scrolls take you a little longer to read. [potion of mutation]
  3457 | D:10     | Gained mutation: Your spells are a little easier to cast, but a little less powerful. [potion of mutation]
  3457 | D:10     | Gained mutation: You are agile. (Dex +2) [potion of mutation]
  3458 | D:10     | Quit the game

Skill      XL: |  1  2  3  4  5  6  7  8 |
---------------+-------------------------+-----
Stealth        | 3 4 5 7 9 |  9.7
Fighting       | 1 2 3 4 5 6 |  6.5
Evocations     | 2 3 |  3.7
Dodging        | |  1.5
Spellcasting   | |  3.2
Conjurations   | |  1.0
Summonings     | |  1.0
Translocations | |  1.0

Action                   |  1- 3 |  4- 6 |  7- 9 || total
-------------------------+-------+-------+-------++-------
Melee: Club              |     2 |       |       ||     2
       Whip              |    27 |       |       ||    27
       Bite              |     5 |    13 |    32 ||    50
       Short sword       |       |    76 |   120 ||   196
Throw: Tomahawk          |       |     2 |       ||     2
 Cast: Magic Dart        |    91 |    18 |     3 ||   112
       Call Imp          |     6 |    23 |    26 ||    55
       Slow              |       |     1 |       ||     1
       Blink             |       |       |     1 ||     1
Evoke: Wand              |       |    10 |    15 ||    25
  Use: Scroll            |     9 |     3 |     4 ||    16
       Potion            |     1 |     2 |     5 ||     8
 Stab: Sleeping          |     1 |     2 |     7 ||    10
       Invisible         |       |     3 |       ||     3
       Distracted        |       |       |     1 ||     1
  Eat: Chunk             |     1 |     2 |       ||     3
       Ration            |       |     1 |     2 ||     3
Armor: Robe              |     4 |    20 |    35 ||    59
       Leather armour    |    22 |     2 |       ||    24
Dodge: Dodged            |    77 |    84 |   200 ||   361

Table legend:
 A = Turns spent in this place as a percentage of turns spent in the entire game.
 B = Non-inter-level travel turns spent in this place as a percentage of non-inter-level travel turns spent in the entire game.
 C = Inter-level travel turns spent in this place as a percentage of turns spent in this place.
 D = Turns resting spent in this place as a percentage of non-inter-level travel turns spent in this place.
 E = Turns spent auto-exploring this place as a percentage of non-inter-level travel turns spent in this place.
 F = Non-inter-level travel turns spent in this place divided by the number of levels of this place that you've seen.
                   A       B       C       D       E      F
               +-------+-------+-------+-------+-------+----------------------
         Total | 100.0 | 100.0 |   4.5 |   0.0 |   0.0 | 275.2
       Dungeon |  98.8 |  98.7 |   4.6 |   0.0 |   0.0 | 296.4
        Temple |   1.2 |   1.3 |   0.0 |   0.0 |   0.0 |  42.0
               +-------+-------+-------+-------+-------+----------------------

Table legend:
 A = Kills in this place as a percentage of kills in entire the game.
 B = Kills by you in this place as a percentage of kills by you in the entire game.
 C = Kills by friends in this place as a percentage of kills by friends in the entire game.
 D = Other kills in this place as a percentage of other kills in the entire game.
 E = Experience gained in this place as a percentage of experience gained in the entire game.
 F = Experience gained in this place divided by the number of levels of this place that you have seen.
                   A       B       C       D       E      F
               +-------+-------+-------+-------+-------+----------------------
         Total | 100.0 | 100.0 | 100.0 |   N/A | 100.0 | 200.0
       Dungeon | 100.0 | 100.0 | 100.0 |   N/A | 100.0 | 218.2
               +-------+-------+-------+-------+-------+----------------------

Vault maps used:
D:1:      dpeg_arrival_windows_large_door, minmay_misc_feat_room,
          minmay_misc_feat_four_crosses
D:2:      first_ration
D:4:      nicolae_overflow_hidden_temple, minmay_temple_entry_enclosed_plants,
          serial_shops, shop_statue, roderic_three_in_a_row, st_stairs_11
D:5:      serial_shops, shop_fountains, nemelex_diamond_rough_becter
D:6:      overflow_temple_1_default, grunt_ministairs_2, uniq_duvessa,
          uniq_edmund, uniq_prince_ribbit1
D:7:      lemuel_crystal_altar, gammafunk_temple_overflow_statue
D:8:      lemuel_crystal_altar, minmay_lair_entry_lava,
          hangedman_pestilent_swarm
D:10:     hangedman_cross_veins, hiddenorc1_lemuel
D:11:     uniq_grum
Temple:   nicolae_temple_x_marks_the_god
